| TOP OF THE 1ST |
|
Windy City ThunderBolts batting - Pitching for Southern Maryland Blue Crabs : LHP Dave Dwyer
|
|
Pitching: LHP Dave Dwyer
|
|
|
Batting: RHB Joe Thomas
|
0-0: Ball 1-0: Foul Ball, location: 2F 1-1: Ball 2-1: Called Strike 2-2: Ball 3-2: SINGLE (Flyball, 78S, EV 85.6 MPH)
|
|
Batting: SHB Dan Strickland
|
0-0: Ball 1-0: Ball 2-0: Called Strike 2-1: Foul Ball, location: 2F 2-2: Ball 3-2: Strikes out swinging
|
|
Batting: RHB Paul Holland
|
0-0: Ball Joe Thomas is caught stealing 2nd base 2-4 1-0: Ball 2-0: Ball 3-0: Called Strike 3-1: Base on Balls
|
|
Batting: RHB Bellchior Osuna
|
0-0: Ball 1-0: Ball 2-0: Ball 3-0: Called Strike 3-1: Foul Ball, location: 2F 3-2: Strikes out swinging
|
| Top of the 1st over - 0 runs, 1 hit, 0 errors, 1 left on base; Windy City 0 - Southern Maryland 0 |
| BOTTOM OF THE 1ST |
|
Southern Maryland Blue Crabs batting - Pitching for Windy City ThunderBolts : RHP Chang-wei Quian
|
|
Pitching: RHP Chang-wei Quian
|
|
|
Batting: RHB Josh Ludwig
|
0-0: Ball 1-0: Foul Ball, location: 2F 1-1: Ball 2-1: Foul Ball, location: 2F 2-2: Strikes out swinging
|
|
Batting: RHB Oscar Chapa
|
0-0: Swinging Strike 0-1: Ball 1-1: Ground out 4-3 (Groundball, 4, EV 111.9 MPH)
|
|
Batting: RHB Eddie Morin
|
0-0: Called Strike 0-1: Called Strike 0-2: Ball 1-2: SINGLE (Line Drive, 4MD, EV 102.5 MPH)
|
|
Batting: LHB Taylor Plummer
|
0-0: Ball 1-0: Swinging Strike 1-1: Called Strike 1-2: Foul Ball, location: 2F 1-2: 2-RUN HOME RUN (Line Drive, 9D, EV 106.2 MPH), Distance : 399 ft
|
|
Batting: RHB Hsui-chen Yang
|
0-0: Fly out, F9 (Line Drive, 9S, EV 106.2 MPH)
|
| Bottom of the 1st over - 2 runs, 2 hits, 0 errors, 0 left on base; Windy City 0 - Southern Maryland 2 |
| TOP OF THE 2ND |
|
Windy City ThunderBolts batting - Pitching for Southern Maryland Blue Crabs : LHP Dave Dwyer
|
|
Batting: RHB Eddie Dimas
|
0-0: Foul Ball, location: 2F 0-1: Ball 1-1: Called Strike 1-2: Strikes out looking
|
|
Batting: RHB Donovan Deason
|
0-0: Ball 1-0: Foul Ball, location: 2F 1-1: Ball 2-1: Ball 3-1: Ground out 3-1 (Groundball, 34, EV 87.5 MPH)
|
|
Batting: RHB Klaus Brown
|
0-0: Called Strike 0-1: Ball 1-1: Fly out, F8 (Flyball, 78M, EV 85.6 MPH)
|
| Top of the 2nd over - 0 runs, 0 hits, 0 errors, 0 left on base; Windy City 0 - Southern Maryland 2 |
| BOTTOM OF THE 2ND |
|
Southern Maryland Blue Crabs batting - Pitching for Windy City ThunderBolts : RHP Chang-wei Quian
|
|
Batting: LHB Sam Hontz
|
0-0: Foul Ball, location: 2F 0-1: Ball 1-1: Ball 2-1: Ball 3-1: Base on Balls
|
|
Batting: RHB Andy Valenzuela
|
0-0: Called Strike Sam Hontz is caught stealing 2nd base 2-4 0-1: Swinging Strike 0-2: Strikes out looking
|
|
Batting: RHB John Lowe
|
0-0: Ball 1-0: Ball 2-0: Swinging Strike 2-1: Ball 3-1: Base on Balls
|
|
Batting: RHB Adam Cooper
|
0-0: Ball 1-0: Ball 2-0: Ball 3-0: Base on Balls John Lowe to second
|
|
Batting: RHB Josh Ludwig
|
0-0: Called Strike 0-1: Swinging Strike 0-2: Ball 1-2: Foul Ball, location: 2F 1-2: Ball 2-2: Ball 3-2: Foul Ball, location: 2F 3-2: Ground out 6-3 (Groundball, 6, EV 86.9 MPH)
|
| Bottom of the 2nd over - 0 runs, 0 hits, 0 errors, 2 left on base; Windy City 0 - Southern Maryland 2 |
| TOP OF THE 3RD |
|
Windy City ThunderBolts batting - Pitching for Southern Maryland Blue Crabs : LHP Dave Dwyer
|
|
Batting: RHB Nhat Phong
|
0-0: Ball 1-0: Foul Ball, location: 2F 1-1: Ball 2-1: Ball 3-1: Fly out, F8 (Flyball, 8RS, EV 84.4 MPH)
|
|
Batting: RHB Sim Damit
|
0-0: Ball 1-0: Ball 2-0: Fly out, F9 (Line Drive, 9, EV 101.9 MPH)
|
|
Batting: RHB Joe Thomas
|
0-0: Ball 1-0: Ball 2-0: Foul Ball, location: 2F 2-1: Ball 3-1: Foul Ball, location: 2F 3-2: Foul Ball, location: 2F 3-2: Base on Balls
|
|
Batting: SHB Dan Strickland
|
0-0: Swinging Strike 0-1: Swinging Strike 0-2: Foul Ball, location: 2F 0-2: Strikes out looking
|
| Top of the 3rd over - 0 runs, 0 hits, 0 errors, 1 left on base; Windy City 0 - Southern Maryland 2 |
| BOTTOM OF THE 3RD |
|
Southern Maryland Blue Crabs batting - Pitching for Windy City ThunderBolts : RHP Chang-wei Quian
|
|
Batting: RHB Oscar Chapa
|
0-0: Ball 1-0: Ball 2-0: Ball 3-0: Called Strike 3-1: Base on Balls
|
|
Batting: RHB Eddie Morin
|
0-0: Swinging Strike 0-1: Swinging Strike 0-2: Ball 1-2: Ball 2-2: Foul Ball, location: 2F 2-2: Grounds into double play, 5-4-3 (Groundball, 56, EV 86.9 MPH)
|
|
Batting: LHB Taylor Plummer
|
0-0: Ball 1-0: Ball 2-0: Foul Ball, location: 2F 2-1: Foul Ball, location: 2F 2-2: Foul Ball, location: 2F 2-2: Fly out, F8 (Flyball, BS6, EV 104.4 MPH)
|
| Bottom of the 3rd over - 0 runs, 0 hits, 0 errors, 0 left on base; Windy City 0 - Southern Maryland 2 |
| TOP OF THE 4TH |
|
Windy City ThunderBolts batting - Pitching for Southern Maryland Blue Crabs : LHP Dave Dwyer
|
|
Batting: RHB Paul Holland
|
0-0: Fly out, F9 (Line Drive, 9, EV 94.4 MPH)
|
|
Batting: RHB Bellchior Osuna
|
0-0: Ball 1-0: Called Strike 1-1: Called Strike 1-2: Ball 2-2: Ball 3-2: Ground out 3-1 (Groundball, 34, EV 100.0 MPH)
|
|
Batting: RHB Eddie Dimas
|
0-0: Foul Ball, location: 2F 0-1: Ball 1-1: Ball 2-1: Swinging Strike 2-2: Foul Ball, location: 2F 2-2: Ground out 4-3 (Groundball, 4, EV 80.6 MPH)
|
| Top of the 4th over - 0 runs, 0 hits, 0 errors, 0 left on base; Windy City 0 - Southern Maryland 2 |
| BOTTOM OF THE 4TH |
|
Southern Maryland Blue Crabs batting - Pitching for Windy City ThunderBolts : RHP Chang-wei Quian
|
|
Batting: RHB Hsui-chen Yang
|
0-0: Ball 1-0: Ball 2-0: Called Strike 2-1: Ball 3-1: Base on Balls
|
|
Batting: LHB Sam Hontz
|
0-0: Ball 1-0: Fly out, F8 (Flyball, 8LM, EV 84.4 MPH)
|
|
Batting: RHB Andy Valenzuela
|
0-0: Grounds into double play, 5-4-3 (Groundball, 5S, EV 79.4 MPH)
|
| Bottom of the 4th over - 0 runs, 0 hits, 0 errors, 0 left on base; Windy City 0 - Southern Maryland 2 |
| TOP OF THE 5TH |
|
Windy City ThunderBolts batting - Pitching for Southern Maryland Blue Crabs : LHP Dave Dwyer
|
|
Batting: RHB Donovan Deason
|
0-0: Ball 1-0: Swinging Strike 1-1: Swinging Strike 1-2: Foul Ball, location: 2F 1-2: Foul Ball, location: 2F 1-2: Ground out 6-3 (Groundball, 6, EV 88.1 MPH)
|
|
Batting: RHB Klaus Brown
|
0-0: Ball 1-0: Foul Ball, location: 2F 1-1: Fly out, F7 (Flyball, 78M, EV 88.1 MPH)
|
|
Batting: RHB Nhat Phong
|
0-0: Ball 1-0: Ground out 6-3 (Groundball, 6, EV 104.4 MPH)
|
| Top of the 5th over - 0 runs, 0 hits, 0 errors, 0 left on base; Windy City 0 - Southern Maryland 2 |
| BOTTOM OF THE 5TH |
|
Southern Maryland Blue Crabs batting - Pitching for Windy City ThunderBolts : RHP Chang-wei Quian
|
|
Batting: RHB John Lowe
|
0-0: Ball 1-0: Ground out 4-3 (Groundball, 4, EV 83.1 MPH)
|
|
Batting: RHB Adam Cooper
|
0-0: Called Strike 0-1: Foul Ball, location: 2F 0-2: Ball 1-2: Foul Ball, location: 2F 1-2: Fly out, F2 (Popup, 2LF, EV 91.2 MPH)
|
|
Batting: RHB Josh Ludwig
|
0-0: Foul Ball, location: 2F 0-1: Ball 1-1: Ball 2-1: Foul Ball, location: 2F 2-2: SINGLE (Line Drive, 9S, EV 93.1 MPH)
|
|
Batting: RHB Oscar Chapa
|
0-0: Called Strike 0-1: Ball 1-1: Fly out, F9 (Flyball, 9, EV 86.9 MPH)
|
| Bottom of the 5th over - 0 runs, 1 hit, 0 errors, 1 left on base; Windy City 0 - Southern Maryland 2 |
| TOP OF THE 6TH |
|
Windy City ThunderBolts batting - Pitching for Southern Maryland Blue Crabs : LHP Dave Dwyer
|
|
Batting: RHB Sim Damit
|
0-0: Foul Ball, location: 2F 0-1: Swinging Strike 0-2: Ball 1-2: Ball 2-2: Strikes out swinging
|
|
Batting: RHB Joe Thomas
|
0-0: Ball 1-0: Fly out, F7 (Line Drive, 7, EV 90.6 MPH)
|
|
Batting: SHB Dan Strickland
|
0-0: Swinging Strike 0-1: Called Strike 0-2: Ball 1-2: Foul Ball, location: 2F 1-2: Ball 2-2: Ball 3-2: Ground out 6-3 (Groundball, 6, EV 101.9 MPH)
|
| Top of the 6th over - 0 runs, 0 hits, 0 errors, 0 left on base; Windy City 0 - Southern Maryland 2 |
| BOTTOM OF THE 6TH |
|
Southern Maryland Blue Crabs batting - Pitching for Windy City ThunderBolts : RHP Chang-wei Quian
|
|
Pitching: RHP Mike Davis
|
|
|
Batting: RHB Eddie Morin
|
0-0: SINGLE (Flyball, 9LS, EV 85.6 MPH)
|
|
Batting: LHB Taylor Plummer
|
0-0: Ball 1-0: Ball 2-0: Foul Ball, location: 2F 2-1: Called Strike 2-2: Strikes out looking
|
|
Batting: RHB Hsui-chen Yang
|
0-0: Ball 1-0: Foul Ball, location: 2F 1-1: Foul Ball, location: 2F 1-2: Ball 2-2: Fly out, F8 (Flyball, 89S, EV 98.1 MPH)
|
|
Batting: LHB Sam Hontz
|
0-0: Ball 1-0: Ground out U3 (Groundball, 3, EV 88.8 MPH)
|
| Bottom of the 6th over - 0 runs, 1 hit, 0 errors, 1 left on base; Windy City 0 - Southern Maryland 2 |
| TOP OF THE 7TH |
|
Windy City ThunderBolts batting - Pitching for Southern Maryland Blue Crabs : LHP Dave Dwyer
|
|
Batting: RHB Paul Holland
|
0-0: Fly out, F9 (Flyball, 89D, EV 85.6 MPH)
|
|
Batting: RHB Bellchior Osuna
|
0-0: Foul Ball, location: 2F 0-1: Ball 1-1: Ball 2-1: Ball 3-1: Base on Balls
|
|
Batting: RHB Eddie Dimas
|
0-0: Called Strike 0-1: Ball 1-1: Ball 2-1: Ball 3-1: Foul Ball, location: 2F 3-2: Strikes out swinging
|
|
Batting: RHB Donovan Deason
|
0-0: Ball 1-0: Ball 2-0: SINGLE (Groundball, 6S, EV 62.5 MPH) (infield hit) Bellchior Osuna to second
|
|
Batting: RHB Klaus Brown
|
0-0: Ball 1-0: Swinging Strike 1-1: Ball 2-1: Swinging Strike 2-2: Ball 3-2: Strikes out looking
|
| Top of the 7th over - 0 runs, 1 hit, 0 errors, 2 left on base; Windy City 0 - Southern Maryland 2 |
| BOTTOM OF THE 7TH |
|
Southern Maryland Blue Crabs batting - Pitching for Windy City ThunderBolts : RHP Mike Davis
|
|
Batting: RHB Andy Valenzuela
|
0-0: Ball 1-0: Fly out, F4 (Popup, 23, EV 87.5 MPH)
|
|
Batting: RHB John Lowe
|
0-0: Ball 1-0: Called Strike 1-1: Swinging Strike 1-2: Strikes out swinging, 2-3 out at first.
|
|
Batting: RHB Adam Cooper
|
0-0: Swinging Strike 0-1: Swinging Strike 0-2: Ball 1-2: Strikes out swinging
|
| Bottom of the 7th over - 0 runs, 0 hits, 0 errors, 0 left on base; Windy City 0 - Southern Maryland 2 |
| TOP OF THE 8TH |
|
Windy City ThunderBolts batting - Pitching for Southern Maryland Blue Crabs : LHP Dave Dwyer
|
|
Batting: RHB Nhat Phong
|
0-0: Called Strike 0-1: Swinging Strike 0-2: Ball 1-2: Foul Ball, location: 2F 1-2: Ball 2-2: Strikes out swinging
|
|
Pitching: RHP Kyung-won Kim
|
|
|
Batting: RHB Sim Damit
|
0-0: Called Strike 0-1: Ball 1-1: Ball 2-1: Foul Ball, location: 2F 2-2: Ball 3-2: Fly out, F3 (Line Drive, 34D, EV 70.0 MPH)
|
|
Batting: RHB Joe Thomas
|
0-0: Called Strike 0-1: Ball 1-1: Ball 2-1: Called Strike 2-2: Fly out, F8 (Flyball, 89M, EV 93.8 MPH)
|
| Top of the 8th over - 0 runs, 0 hits, 0 errors, 0 left on base; Windy City 0 - Southern Maryland 2 |
| BOTTOM OF THE 8TH |
|
Southern Maryland Blue Crabs batting - Pitching for Windy City ThunderBolts : RHP Mike Davis
|
|
Pitching: LHP Dane Preston
|
|
|
Batting: RHB Josh Ludwig
|
0-0: Fly out, F8 (Flyball, 8LD, EV 108.8 MPH)
|
|
Batting: RHB Oscar Chapa
|
0-0: Ball 1-0: Fly out, F7 (Flyball, 7, EV 93.8 MPH)
|
|
Batting: RHB Eddie Morin
|
0-0: Ground out 6-3 (Groundball, 56, EV 105.6 MPH)
|
| Bottom of the 8th over - 0 runs, 0 hits, 0 errors, 0 left on base; Windy City 0 - Southern Maryland 2 |
| TOP OF THE 9TH |
|
Windy City ThunderBolts batting - Pitching for Southern Maryland Blue Crabs : RHP Kyung-won Kim
|
|
Pitching: RHP David Perez
|
|
|
Batting: SHB Dan Strickland
|
0-0: Ball 1-0: Ball 2-0: Ball 3-0: Called Strike 3-1: Base on Balls
|
|
Batting: RHB Paul Holland
|
0-0: Fly out, F9 (Flyball, 9LS, EV 92.5 MPH)
|
|
Batting: RHB Bellchior Osuna
|
0-0: Foul Ball, location: 2F 0-1: Ball 1-1: Ball 2-1: 2-RUN HOME RUN (Flyball, 7LD, EV 101.2 MPH), Distance : 380 ft
|
|
Batting: RHB Eddie Dimas
|
0-0: Ball 1-0: Ball 2-0: Ball 3-0: Called Strike 3-1: Foul Ball, location: 2F 3-2: Base on Balls
|
|
Batting: RHB Donovan Deason
|
0-0: Called Strike 0-1: Swinging Strike 0-2: Ball 1-2: Ball 2-2: Ball 3-2: Foul Ball, location: 2F 3-2: Base on Balls Eddie Dimas to second
|
|
Batting: RHB Klaus Brown
|
0-0: Ball 1-0: Swinging Strike 1-1: Fly out, F4 (Popup, 13, EV 80.0 MPH)
|
|
Pinch Hitting: RHB Camillo Bonauiti
|
0-0: Ball 1-0: Ground out 5-3 (Groundball, 15, EV 93.1 MPH)
|
| Top of the 9th over - 2 runs, 1 hit, 0 errors, 2 left on base; Windy City 2 - Southern Maryland 2 |
| BOTTOM OF THE 9TH |
|
Southern Maryland Blue Crabs batting - Pitching for Windy City ThunderBolts : LHP Dane Preston
|
|
Pitching: RHP Ray Nauman
|
|
|
Now at 3B: Camillo Bonauiti
|
|
|
Batting: LHB Taylor Plummer
|
0-0: Ball 1-0: Ground out 6-3 (Groundball, 6, EV 85.6 MPH)
|
|
Pinch Hitting: RHB Han Caspers
|
0-0: Ball 1-0: Ground out 5-3 (Groundball, 56, EV 83.1 MPH)
|
|
Batting: LHB Sam Hontz
|
0-0: Fly out, F8 (Flyball, 8LD, EV 97.5 MPH)
|
| Bottom of the 9th over - 0 runs, 0 hits, 0 errors, 0 left on base; Windy City 2 - Southern Maryland 2 |
| TOP OF THE 10TH |
|
Windy City ThunderBolts batting - Pitching for Southern Maryland Blue Crabs : RHP David Perez
|
|
Pitching: RHP Pierangelo Eccelino
|
|
|
Now at C: Han Caspers
|
|
|
Batting: RHB Sim Damit
|
0-0: Foul Ball, location: 2F 0-1: Called Strike 0-2: Ball 1-2: Ball 2-2: Ball 3-2: Base on Balls
|
|
Batting: RHB Joe Thomas
|
0-0: Foul Ball, location: 2F 0-1: Ball 1-1: Ball Wild Pitch! Sim Damit to second 2-1: Swinging Strike 2-2: Strikes out looking
|
|
Batting: SHB Dan Strickland
|
0-0: Intentional Walk
|
|
Batting: RHB Paul Holland
|
0-0: Called Strike 0-1: Foul Ball, location: 2F 0-2: Strikes out swinging
|
|
Batting: RHB Bellchior Osuna
|
0-0: Swinging Strike 0-1: Ground out 1-3 (Groundball, 13S, EV 73.8 MPH)
|
| Top of the 10th over - 0 runs, 0 hits, 0 errors, 2 left on base; Windy City 2 - Southern Maryland 2 |
| BOTTOM OF THE 10TH |
|
Southern Maryland Blue Crabs batting - Pitching for Windy City ThunderBolts : RHP Ray Nauman
|
|
Pinch Hitting: RHB Josh Kurth
|
0-0: Ball 1-0: Ball 2-0: Ground out 4-3 (Groundball, 34, EV 107.5 MPH)
|
|
Batting: RHB David Gomez
|
0-0: Ball 1-0: DOUBLE (Line Drive, 3D, EV 95.6 MPH)
|
|
Pinch Hitting: RHB Sam Parra
|
0-0: Intentional Walk
|
|
Pinch Runner at 2nd Kyle Beeks:
|
|
|
Batting: RHB Josh Ludwig
|
0-0: Ball 1-0: Fly out, F9 (Flyball, 9D, EV 100.6 MPH) Runner from 2nd tags up, SAFE at 3rd, no throw by RF
|
|
Batting: RHB Oscar Chapa
|
0-0: Ball 1-0: Foul Ball, location: 2F 1-1: Swinging Strike 1-2: Ball 2-2: Strikes out looking
|
| Bottom of the 10th over - 0 runs, 1 hit, 0 errors, 2 left on base; Windy City 2 - Southern Maryland 2 |
| TOP OF THE 11TH |
|
Windy City ThunderBolts batting - Pitching for Southern Maryland Blue Crabs : RHP Pierangelo Eccelino
|
|
Now at 1B: Josh Kurth
|
|
|
Now in RF: Tyler Hawkins
|
|
|
Batting: RHB Eddie Dimas
|
0-0: Foul Ball, location: 2F 0-1: Called Strike 0-2: Ground out 6-3 (Groundball, 6, EV 107.5 MPH)
|
|
Batting: RHB Donovan Deason
|
0-0: Ball 1-0: Foul Ball, location: 2F 1-1: Ground out 6-3 (Groundball, 6, EV 88.8 MPH)
|
|
Batting: RHB Klaus Brown
|
0-0: Ball 1-0: Foul Ball, location: 2F 1-1: Foul Ball, location: 2F 1-2: Foul Ball, location: 2F 1-2: Foul Ball, location: 2F 1-2: Ball 2-2: Foul Ball, location: 2F 2-2: Foul Ball, location: 2F 2-2: Ball 3-2: Foul Ball, location: 2F 3-2: Foul Ball, location: 2F 3-2: Foul Ball, location: 2F 3-2: Ground out 1-3 (Groundball, 23, EV 68.1 MPH)
|
| Top of the 11th over - 0 runs, 0 hits, 0 errors, 0 left on base; Windy City 2 - Southern Maryland 2 |
| BOTTOM OF THE 11TH |
|
Southern Maryland Blue Crabs batting - Pitching for Windy City ThunderBolts : RHP Ray Nauman
|
|
Batting: RHB Eddie Morin
|
0-0: Ball 1-0: Ground out 5-3 (Groundball, 56, EV 85.6 MPH)
|
|
Batting: LHB Taylor Plummer
|
0-0: Ball 1-0: Ball 2-0: Ball 3-0: Base on Balls
|
|
Batting: RHB Han Caspers
|
0-0: Ball 1-0: Called Strike Taylor Plummer is caught stealing 2nd base 2-4 1-1: Ball 2-1: Ground out 6-3 (Groundball, 6, EV 85.6 MPH)
|
| Bottom of the 11th over - 0 runs, 0 hits, 0 errors, 0 left on base; Windy City 2 - Southern Maryland 2 |
| TOP OF THE 12TH |
|
Windy City ThunderBolts batting - Pitching for Southern Maryland Blue Crabs : RHP Pierangelo Eccelino
|
|
Batting: RHB Camillo Bonauiti
|
0-0: Swinging Strike 0-1: Ball 1-1: Ball 2-1: Called Strike 2-2: Ball 3-2: SINGLE (Groundball, 56D, EV 108.8 MPH)
|
|
Batting: RHB Sim Damit
|
0-0: Sac Bunt to 5S - play at first, batter OUT! 5-3 Camillo Bonauiti to second
|
|
Batting: RHB Joe Thomas
|
0-0: Swinging Strike 0-1: Swinging Strike 0-2: Ball 1-2: Foul Ball, location: 2F 1-2: Foul Ball, location: 2F 1-2: Strikes out looking
|
|
Batting: SHB Dan Strickland
|
0-0: Intentional Walk
|
|
Batting: RHB Paul Holland
|
0-0: Ball 1-0: Reached on error, E6 (Groundball, 6, EV 101.9 MPH) Camillo Bonauiti to third Dan Strickland to second
|
|
Batting: RHB Bellchior Osuna
|
0-0: Called Strike 0-1: Called Strike 0-2: Foul Ball, location: 2F 0-2: DOUBLE (Flyball, 89D, EV 113.1 MPH) Camillo Bonauiti scores Dan Strickland scores Paul Holland to third
|
|
Pitching: RHP Finlay Clamp
|
|
|
Batting: RHB Eddie Dimas
|
0-0: Called Strike 0-1: Ball 1-1: Called Strike 1-2: Foul Ball, location: 2F 1-2: Strikes out looking
|
| Top of the 12th over - 2 runs, 2 hits, 1 error, 2 left on base; Windy City 4 - Southern Maryland 2 |
| BOTTOM OF THE 12TH |
|
Southern Maryland Blue Crabs batting - Pitching for Windy City ThunderBolts : RHP Ray Nauman
|
|
Pitching: RHP Tony Montez
|
|
|
Batting: LHB Sam Hontz
|
0-0: Fly out, F8 (Line Drive, 8LM, EV 108.1 MPH)
|
|
Batting: RHB Josh Kurth
|
0-0: Foul Ball, location: 2F 0-1: Ground out 2-3 (Groundball, 2R, EV 69.4 MPH)
|
|
Batting: SHB John Hiles
|
0-0: Ball 1-0: Ball 2-0: Called Strike 2-1: Called Strike 2-2: Strikes out looking
|
| Bottom of the 12th over - 0 runs, 0 hits, 0 errors, 0 left on base; Windy City 4 - Southern Maryland 2 |
|